 Dungeon Crawl Stone Soup version 0.29.1-12-g30fa7ad0bf (webtiles) character file.

Game seed: 16054586321229900539

484 sanboga the Ruffian (level 6, -2/49 HPs)
             Began as a Demonspawn Berserker on Jan 4, 2023.
             Was a Priest of Trog.
             Succumbed to a gnoll bouda's poison
             ... on level 5 of the Dungeon.
             The game lasted 00:03:25 (3747 turns).

sanboga the Ruffian (Demonspawn Berserker)          Turns: 3747, Time: 00:03:25

Health: -2/49      AC: 11    Str: 19    XL:     6   Next: 88%
Magic:  6/6        EV:  8    Int:  9    God:    Trog [***...]
Gold:   235        SH:  0    Dex: 12    Spells: 5/5 levels left

rFire   . . .      SeeInvis .     - Unarmed
rCold   . . .      Faith    .   (no shield)
rNeg    . . .      Spirit   .   c - +0 chain mail
rPois   .          Reflect  .   (no helmet)
rElec   .          Harm     .   r - scarf {shadows}
rCorr   .          Rampage  .   (no gloves)
Will    +....                   (no boots)
Stlth   ..........              (no amulet)
HPRegen 0.16/turn               g - ring of willpower
MPRegen 0.10/turn               (no ring)

@: lethally poisoned (-2 -> -45)
A: thin metallic scales 1, foul stench 2
a: Renounce Religion, Berserk, Trog's Hand


You were on level 5 of the Dungeon.
You worshipped Trog.
Trog was most pleased with you.
You visited 1 branch of the dungeon, and saw 5 of its levels.

You collected 235 gold pieces.

Inventory:

Armour
 c - a +0 chain mail (worn)
 r - a scarf of shadows (worn)
Jewellery
 g - a ring of willpower (left hand)
Wands
 s - a wand of flame (9)
Scrolls
 b - 3 scrolls of identify {unknown}
 d - a scroll of vulnerability {unknown}
 f - a scroll of noise {unknown}
 i - a scroll of enchant armour {unknown}
 k - a scroll of blinking {unknown}
 l - 2 scrolls of enchant weapon {unknown}
 m - a scroll of teleportation {unknown}
Potions
 a - a potion of attraction {unknown}
 e - 3 potions of heal wounds {unknown}
 h - a potion of might {unknown}
 j - a potion of lignification {unknown}
 n - 2 potions of haste {unknown}
 o - a potion of flight
 p - a potion of degeneration {unknown}
 q - a potion of curing {unknown}


   Skills:
 + Level 4.6 Fighting
 + Level 3.6 Armour
 - Level 1.7 Dodging
 * Level 5.4 Unarmed Combat


You had 5 spell levels left.
You didn't know any spells.
Your spell library was empty.

Dungeon Overview and Level Annotations

Branches:
Dungeon (5/15)             Temple (0/1) D:4

Altars:
Ru


Innate Abilities, Weirdness & Mutations

You are partially covered in thin metallic scales. (AC +2)
You sometimes emit foul miasma when damaged in melee.


Message History

You see here a +0 whip.
You barely miss the gnoll bouda. The gnoll completely misses you.
The gnoll bouda hits you but does no damage.
You are poisoned.
You hit the gnoll bouda.
The gnoll bouda is lightly wounded.
You feel sick.
The gnoll bouda barks out a call to the hunt!
The gnolls pick up the pace!
You hear an angry hiss.
You barely miss the gnoll bouda.
The gnoll bouda is lightly wounded.
You feel sick. The gnoll hits you with a +0 club.
The gnoll hits you with a +0 spear!
An adder comes into view.
The gnoll bouda hits you but does no damage.
You are more poisoned.
You closely miss the gnoll bouda.
The gnoll bouda is lightly wounded.
You feel very sick.
The gnoll hits you but does no damage. x2; The gnoll bouda barely misses you.
You hit the gnoll bouda.
The gnoll bouda is moderately wounded.
You feel sick. The gnoll hits you with a +0 club.
The gnoll completely misses you.
The gnoll bouda hits you with a +2 whip of venom.
You are more poisoned.
You hit the gnoll bouda.
The gnoll bouda is heavily wounded.
You feel very sick.
The gnoll hits you but does no damage. x2
The gnoll bouda hits you with a +2 whip of venom!
* * * LOW HITPOINT WARNING * * *
You are more poisoned.
You are too injured to fight recklessly!
You are too injured to fight recklessly!
You are too injured to fight recklessly!
The gnoll attacks as you move away! The gnoll hits you with a +0 spear.
* * * LOW HITPOINT WARNING * * *
You die...

#.[ #..#### .#
#..#.. ... ..
#..#.# ...#
...#..#.####....
...S.gg.........
.....g).........
.######@..######
#.......<......
#..............
#...##...######
#...#..... #..
#.:.... #.
#....... #......


You could see a gnoll bouda, 2 gnolls and an adder.

Vanquished Creatures
  2 black bears (D:4)
  A scorpion (D:4)
  A gnoll bouda (D:4)
  5 gnolls
  7 adders
  A worm (D:2)
  A dart slug (D:1)
  7 orcs
  8 endoplasms
  3 giant cockroaches
  8 goblins
  7 hobgoblins
  4 jackals (D:2)
  5 kobolds
  A quokka (D:4)
  10 ball pythons
  3 bats
  6 frilled lizards
  5 rats
85 creatures vanquished.

Notes
Turn   | Place    | Note
-------+----------+-------------------------------------------
     0 | D:1      | sanboga the Demonspawn Berserker began the quest for the
                  | Orb.
     0 | D:1      | Reached XP level 1. HP: 18/18 MP: 1/1
   181 | D:1      | Reached skill level 3 in Unarmed Combat
   182 | D:1      | Gained mutation: You are partially covered in thin metallic
                  | scales. (AC +2) [demonic ancestry]
   182 | D:1      | Reached XP level 2. HP: 24/24 MP: 2/2
   742 | D:2      | Reached XP level 3. HP: 8/29 MP: 3/3
  1137 | D:2      | Reached ** piety under Trog
  1686 | D:3      | Gained mutation: You may rarely emit foul miasma when
                  | damaged in melee. [demonic ancestry]
  1686 | D:3      | Reached XP level 4. HP: 35/35 MP: 4/4
  2072 | D:3      | Found a faded altar of an unknown god.
  2086 | D:3      | Reached skill level 4 in Unarmed Combat
  2287 | D:3      | Found a sacrificial altar of Ru.
  2378 | D:4      | Reached *** piety under Trog
  2412 | D:4      | Reached XP level 5. HP: 32/42 MP: 5/5
  2754 | D:4      | HP: 2/42 [poisoned by a scorpion]
  3068 | D:4      | Noticed a black bear
  3086 | D:4      | Killed a black bear
  3087 | D:4      | Reached skill level 5 in Unarmed Combat
  3087 | D:4      | Gained mutation: You sometimes emit foul miasma when
                  | damaged in melee. [demonic ancestry]
  3087 | D:4      | Reached XP level 6. HP: 16/49 MP: 6/6
  3685 | D:4      | Found a staircase to the Ecumenical Temple.
  3734 | D:5      | Entered Level 5 of the Dungeon
  3747 | D:5      | Succumbed to a gnoll bouda's poison

Illustrated notes

Levels and vault maps discovered:
D:1:      lemuel_arrival_river_bridge, layout_rooms, minmay_heptomino_l4
D:2:      layout_basic, grunt_ministairs_13
D:3:      layout_rooms, mainiacjoe_overflow_large_starburst,
          basic_ecumenical_altar, grunt_ministairs_1
D:4:      layout_basic, minmay_temple_entry_fiery,
          chequers_serial_rivers_micro_b
D:5:      layout_basic, st_stairs_2, uniq_ijyb, uniq_edmund

Skill      XL: |  1  2  3  4  5 |
---------------+----------------+-----
Unarmed Combat | 3 4 5 |  5.4
Armour         | 2 3 |  3.6
Fighting       | 4 |  4.6
Dodging        | |  1.7

Action                   |  1- 3 |  4- 6 || total
-------------------------+-------+-------++-------
Melee: Unarmed           |   117 |   196 ||   313
       Punch             |     3 |     9 ||    12
Invok: Berserk           |       |     1 ||     1
  Use: Potion            |       |     3 ||     3
Armor: Chain mail        |    95 |   123 ||   218
Dodge: Dodged            |    45 |    89 ||   134
